 Dungeon Crawl Stone Soup version 0.20.1-1-g8b1a95d (webtiles) character file.

133 FollowTheCloud the Firebug (level 4, -9/24 HPs)
             Began as a Deep Elf Fire Elementalist on Sept 5, 2017.
             Killed from afar by an orc (30 damage)
             ... with an exploding inner flame
             ... hexed by the player character
             ... on level 3 of the Dungeon.
             The game lasted 00:05:49 (2361 turns).

FollowTheCloud the Firebug (DEFE)                   Turns: 2361, Time: 00:05:50

Health: -9/24      AC:  2    Str:  5    XL:     4   Next: 94%
Magic:  5/12       EV: 14    Int: 21    God:
Gold:   105        SH:  0    Dex: 15    Spells: 2/11 levels left

rFire    . . .     SeeInvis .   (no weapon)
rCold    . . .     Gourm    .   (no shield)
rNeg     . . .     Faith    .   a - +0 robe
rPois    .         Spirit   .   (no helmet)
rElec    .         Reflect  .   (no cloak)
rCorr    .         Harm     .   (no gloves)
MR       .....                  (no boots)
Stlth    ++........             (no amulet)
Regen    0.1/turn               (no ring)
MPRegen  0.2/turn               (no ring)

@: no status effects
A: no striking features
a: no special abilities


You were on level 3 of the Dungeon.
You were not hungry.

You visited 1 branch of the dungeon, and saw 3 of its levels.

You collected 105 gold pieces.

Inventory:

Armour
 a - a +0 robe (worn)
Scrolls
 d - a scroll of identify {unknown}
 h - 2 scrolls of fog {unknown}
 i - 2 scrolls of teleportation {unknown}
 m - 2 scrolls of remove curse {unknown}
 o - a scroll of enchant armour {unknown}
Potions
 e - a potion of magic {unknown}
 g - 2 potions of cancellation {unknown}
 l - a potion of lignification {unknown}
 p - 2 potions of might {unknown}
Books
 b - a book of Flames

   Spells                             Type                      Level
   a - Flame Tongue                   Conjuration/Fire             1
   b - Throw Flame                    Conjuration/Fire             2
   c - Conjure Flame                  Conjuration/Fire             3
   d - Inner Flame                    Hexes/Fire                   3
   e - Sticky Flame                   Conjuration/Fire             4
   f - Fireball                       Conjuration/Fire             5
Comestibles
 c - a bread ration
 f - 2 meat rations
 j - 2 royal jellies
 k - a fruit


   Skills:
 + Level 3.6 Dodging
 - Level 2.4 Stealth
 + Level 4.0 Spellcasting
 + Level 2.8 Conjurations
 + Level 4.3 Fire Magic


You had 2 spell levels left.
You knew the following spells:

 Your Spells              Type           Power        Failure   Level  Hunger
a - Flame Tongue          Conj/Fire      ###..        2%          1    None
b - Throw Flame           Conj/Fire      ###...       4%          2    #......
c - Conjure Flame         Conj/Fire      ###.....     9%          3    ###....
d - Inner Flame           Hex/Fire       ##......     14%         3    ###....


Dungeon Overview and Level Annotations

Branches:
Dungeon (3/15)

Altars:

Annotations:
D:2 2 exclusions, Sigmund


Message History

You kill the orc!
The orc wizard shouts!
Casting: Flame Tongue
Confirm with . or Enter, or press ? or * to list all spells.
Aiming: Flame Tongue
Press: ? - help, Shift-Dir - straight line, f/p - orc
Aim: an orc, wielding a hand axe (inner flame)
The flame tongue hits the orc.
The orc is lightly wounded.
The orc hits you but does no damage.
Casting: Flame Tongue
Confirm with . or Enter, or press ? or * to list all spells.
Aiming: Flame Tongue
Press: ? - help, Shift-Dir - straight line, f/p - orc
Aim: an orc, wielding a hand axe (lightly wounded, inner flame)
The flame tongue hits the orc.
The orc explodes!
The fiery explosion engulfs you!
Ouch! That really hurt!
You die...

######## ######
#..o.).# ########.....
#o# #.# #........###.
#)####.###.##########.
#.#§§@.....# #.....
#.#§##†##### #.###.
#.#.##.# ########.##..
#......# #............
###...............##..
#######...<.........
.............
.>......)###.
.........###.


There were no monsters in sight!

Vanquished Creatures
  An orc priest (D:3)
  3 adders
  2 leopard geckos
  7 orcs (D:3)
  6 goblins
  14 hobgoblins
  3 jackals
  6 kobolds
  A quokka (D:3)
  11 bats
  5 frilled lizards
  5 rats
64 creatures vanquished.

Notes
Turn   | Place    | Note
-------+----------+-------------------------------------------
     0 | D:1      | FollowTheCloud the Deep Elf Fire Elementalist began the quest for the Orb.
     0 | D:1      | Reached XP level 1. HP: 10/10 MP: 6/6
   375 | D:1      | Reached XP level 2. HP: 15/15 MP: 6/8
   387 | D:1      | Learned a level 2 spell: Throw Flame
  1019 | D:2      | Reached XP level 3. HP: 19/19 MP: 0/10
  1189 | D:2      | Learned a level 3 spell: Conjure Flame
  1376 | D:2      | Noticed Sigmund
  1634 | D:2      | Learned a level 3 spell: Inner Flame
  1851 | D:2      | Noticed an ogre
  2013 | D:3      | Reached XP level 4. HP: 24/24 MP: 6/12
  2361 | D:3      | Killed from afar by an orc

Skill      XL: |  1  2  3 |
---------------+----------+-----
Conjurations   | 2 |  2.8
Dodging        | 3 |  3.6
Fire Magic     | 4 |  4.3
Spellcasting   | 4 |  4.0
Stealth        | |  2.4

Action                   |  1- 3 |  4- 6 || total
-------------------------+-------+-------++-------
Melee: Unarmed           |     1 |       ||     1
 Cast: Flame Tongue      |    60 |    24 ||    84
       Throw Flame       |    23 |     2 ||    25
       Inner Flame       |     2 |     2 ||     4
  Eat: Chunk             |     4 |     1 ||     5
Armor: Robe              |     6 |     4 ||    10
Dodge: Dodged            |    26 |     1 ||    27
